 Dungeon Crawl Stone Soup version 0.29.1-1-gd02db6906a (webtiles) character file.

Game seed: 14664641223832756143

191 karrick the Shield-Bearer (level 5, 33/33 HPs)
             Began as a Gargoyle Fighter on Sept 27, 2022.
             Quit the game on level 4 of the Dungeon.
             The game lasted 00:03:21 (3649 turns).

karrick the Shield-Bearer (Gargoyle Fighter)        Turns: 3649, Time: 00:03:22

Health: 33/33      AC: 11    Str: 20    XL:     5   Next: 70%
Magic:  5/5        EV:  9    Int:  8    God:
Gold:   130        SH:  4    Dex: 11    Spells: 4/4 levels left

rFire   . . .      SeeInvis .   a - +0 flail
rCold   . . .      Faith    .   c - +0 buckler
rNeg    + . .      Spirit   .   b - +0 scale mail
rPois   ∞          Reflect  .   (no helmet)
rElec   +          Harm     .   (no cloak)
rCorr   .          Rampage  .   (no gloves)
Will    .....                   (no boots)
Stlth   ..........              (no amulet)
HPRegen 0.11/turn               (no ring)
MPRegen 0.09/turn               (no ring)

@: no status effects
A: sickness immunity, AC +4, negative energy resistance 1, electricity
resistance, torment resistance 1, petrification resistance
a: no special abilities


You were on level 4 of the Dungeon.
You visited 2 branches of the dungeon, and saw 5 of its levels.

You collected 130 gold pieces.

Inventory:

Hand Weapons
 a - a +0 flail (weapon)
Armour
 b - a +0 scale mail (worn)
 c - a +0 buckler (worn)
 r - an orb of light
Jewellery
 k - a ring of flight
Wands
 n - a wand of iceblast (5)
Scrolls
 g - a scroll of blinking {unknown}
 h - 5 scrolls of identify {unknown}
 l - 2 scrolls of magic mapping {unknown}
 m - 3 scrolls of teleportation {unknown}
 o - a scroll of poison {unknown}
 p - a scroll of butterflies {unknown}
Potions
 d - a potion of might
 e - a potion of brilliance {unknown}
 f - a potion of attraction
 i - 5 potions of curing
 j - a potion of flight {unknown}
 q - a potion of heal wounds {unknown}


   Skills:
 + Level 4.0 Fighting
 + Level 4.0 Maces & Flails
 + Level 4.1 Armour
 + Level 4.3 Shields


You had 4 spell levels left.
You didn't know any spells.
Your spell library contained the following spells:

 Spells                   Type           Power      Damage    Failure   Level
 Borgnjor's Revivificati  Necr           0%         N/A       100%        8
 Necromutation            Tmut/Necr      0%         N/A       100%        8
 Chain Lightning          Conj/Air       0%         N/A       100%        9
 Death's Door             Necr           0%         N/A       100%        9
 Fire Storm               Conj/Fire      0%         5d1       100%        9
 Shatter                  Erth           0%         3d5*      100%        9


Dungeon Overview and Level Annotations

Branches:
Dungeon (4/15)             Temple (1/1) D:4

Altars:
Ashenzari
Cheibriados
Dithmenos
Elyvilon
Gozag
Kikubaaqudgha
Makhleb
Nemelex Xobeh
Qazlal
Ru
Sif Muna
Trog
Uskayaw
Vehumet
Wu Jian
Xom
Zin

Shops:
D:4 =*


Innate Abilities, Weirdness & Mutations

You are immune to sickness and miasma.
Your stone body is resilient. (AC +4)
You are immune to poison.
You resist negative energy. (rN+)
You are resistant to electric shocks. (rElec)
You are resistant to unholy torment.
You are immune to petrification.


Message History

Search for what [? for help]? ok
There is a staircase back to the Dungeon here.
You climb upwards.
Welcome back to the Dungeon!
There is a staircase to the Ecumenical Temple here.
There is a fountain of clear blue water here.
There is an entrance to Vaodithakh's Jewellery Boutique here.
There is a stone staircase leading down here.
There is a stone staircase leading down here.
Found 2 stones.
Found 3 stones.
As you open the door, it creaks loudly!
Found 12 gold pieces.
There is an open door here.
You now have 130 gold pieces (gained 12).
As you open the door, it creaks loudly!
You hear an angry hiss.
There is an open door here.
Found Kifryfoc's General Store.
A ball python comes into view.
A ball python is nearby!
A ball python is nearby!
A ball python is nearby!
You sock the ball python!
You kill the ball python!
No target in view!
No target in view!
No target in view!
No target in view!
No target in view!
No target in view!
No target in view!
No target in view!
No target in view!
No target in view!
No target in view!
No target in view!
No target in view!
No target in view!
There is an entrance to Kifryfoc's General Store here.
Unknown command.
Are you sure you want to abandon this character and quit the game? (Confirm with "yes".)

.##.....#######.#
..)....## #.##
.####>## ..# .# #.#
..# ## #.# ..# #
##+## #.# ####...##
#.# ........##
###.### ##.......##
#..@..#
#.........####.#.#.#
'.........'........#
#.........####...###
##.(.....## ##..#
........## ##.#
####...## #.# ##+##
#.# ..


There were no monsters in sight!

Vanquished Creatures
  2 orc wizards (D:3)
  A gnoll (D:2)
  6 adders
  4 orcs
  4 bats
  6 endoplasms
  5 giant cockroaches
  8 goblins
  3 hobgoblins
  7 jackals
  7 kobolds
  3 quokkas
  7 ball pythons
  5 frilled lizards
  A rat (D:3)
69 creatures vanquished.

Notes
Turn   | Place    | Note
-------+----------+-------------------------------------------
     0 | D:1      | karrick the Gargoyle Fighter began the quest for the Orb.
     0 | D:1      | Reached XP level 1. HP: 14/14 MP: 1/1
   137 | D:1      | Reached XP level 2. HP: 19/19 MP: 2/2
   889 | D:1      | Reached XP level 3. HP: 24/24 MP: 3/3
   970 | D:1      | Found a faded altar of an unknown god.
  1562 | D:2      | Reached XP level 4. HP: 29/29 MP: 4/4
  2469 | D:3      | Reached XP level 5. HP: 19/33 MP: 5/5
  3274 | D:4      | Found Vaodithakh's Jewellery Boutique.
  3274 | D:4      | Found a staircase to the Ecumenical Temple.
  3310 | Temple   | Entered the Ecumenical Temple
  3642 | D:4      | Found Kifryfoc's General Store.
  3649 | D:4      | Quit the game

Illustrated notes

Levels and vault maps discovered:
D:1:      dpeg_arrival_stone_temple_mockup, layout_basic,
          hellmonk_ecumenical_altar_heavens_door,
          nicolae_kite_square_tiling_tiny, minmay_cut_off
D:2:      layout_loops_cross, cheibrodos_gnoll_hut
D:3:      layout_loops_ring
D:4:      layout_loops_corners, minmay_temple_entry_statues_fountains,
          serial_shops, nicolae_shop_crystal, shop, nicolae_shop_crystal, shop,
          uniq_grinder
Temple:   minmay_crystal_spiral_temple

Skill      XL: |  1  2  3  4  5 |
---------------+----------------+-----
Maces & Flails | 3 4 |  4.0
Armour         | 4 |  4.1
Shields        | 4 |  4.3
Fighting       | 4 |  4.0

Action                   |  1- 3 |  4- 6 || total
-------------------------+-------+-------++-------
Melee: Flail             |   107 |   131 ||   238
  Use: Potion            |       |     3 ||     3
Armor: Scale mail        |    73 |    71 ||   144
Dodge: Dodged            |    44 |    66 ||   110
Block: Buckler           |    13 |    30 ||    43
